 Dungeon Crawl Stone Soup version 0.27-a0-637-g3a9f0a9c12 (webtiles) character file.

Game seed: 8381915255854357369

408649 CurlyBrace the Warrior (level 21, -4/137 (141) HPs)
             Began as a Felid Summoner on Mar 13, 2021.
             Was a High Priest of Cheibriados.
             Slain by a royal mummy (18 damage)
             ... on level 3 of the Tomb of the Ancients on Mar 15, 2021.
             The game lasted 06:01:35 (13320 turns).

CurlyBrace the Warrior (Felid Summoner)            Turns: 13320, Time: 06:01:36

HP:   -4/137 (141)  AC: 32    Str: 19    XL:     21   Next: 30%
MP:   17/38         EV: 45    Int: 45    God:    Cheibriados [*****.]
Gold: 1288          SH:  9    Dex: 30    Spells: 3/44 levels left
                                        Lives: 0   Deaths: 7

rFire    + + .     SeeInvis +     - Unarmed
rCold    + . .     Faith    .   (shield unavailable)
rNeg     + + .     Spirit   .   (armour unavailable)
rPois    ∞         Reflect  +   (helmet unavailable)
rElec    +         Harm     .   (cloak unavailable)
rCorr    .         Rampage  .   (gloves unavailable)
Will     ++++.     Clarity  +   (boots unavailable)
Stlth    +++++++++.             Q - amulet of Day {Reflect Fragile rPois Int+3 Slay+3 SH+5}
HPRegen  0.32/turn              e - ring of Oshrikh {rPois rF+ rC+ Slay+3 SInv}
MPRegen  0.26/turn              a - ring "Waovoul" {rF+ rN+ Will+ Int+4 SInv}

@: statue-form, lightly drained, very slow
A: slow and powerful, torment resistance 1, boosted hp, very small, claws 1,
fangs 3, see invisible, (speed 1), (shaggy fur 3), stealthy paws, no weapons or
thrown items, no armour, multi-lived, antennae 1, talons 1, large bone plates 1,
(thin metallic scales 1), agile 1, clarity, strong 1
}: 5/15 runes: decaying, slimy, silver, golden, gossamer
a: End Transformation, Renounce Religion, Bend Time, Temporal Distortion,
Slouch, Step From Time


You were on level 3 of the Tomb of the Ancients.
You worshipped Cheibriados.
Cheibriados was extremely pleased with you.
You were a living statue of rough stone.
You visited 10 branches of the dungeon, and saw 48 of its levels.
You visited 1 ziggurat, and saw 12 of its levels.

You collected 3980 gold pieces.
You spent 2692 gold pieces at shops.

Inventory:

Missiles
 l - 209 stones
Jewellery
 a - the ring "Waovoul" (left paw) {rF+ rN+ Will+ Int+4 SInv}
   (You found it on level 5 of the Pits of Slime)

   [ring of see invisible]

   It affects your intelligence (+4).
   It protects you from fire.
   It protects you from negative energy.
   It affects your willpower, your defense against some magical effects.
   It lets you see invisible.
 b - a ring of ice
   (You found it on level 3 of the Dungeon)
 e - the ring of Oshrikh (right paw) {rPois rF+ rC+ Slay+3 SInv}
   (You acquired it on level 10 of the Dungeon)

   [ring of protection from cold]

   It affects your accuracy and damage with ranged weapons and melee attacks
   (+3).
   It protects you from fire.
   It protects you from cold.
   It protects you from poison.
   It lets you see invisible.
 f - the amulet of Gequaxe {Spirit Str+5 Int+4 Slay-4 Stlth+}
   (You found it on level 14 of the Dungeon)

   [amulet of guardian spirit]

   It causes incoming damage to be split between your health and magic.
   It affects your strength (+5).
   It affects your intelligence (+4).
   It affects your accuracy and damage with ranged weapons and melee attacks
   (-4).
   It makes you more stealthy.
 h - a ring of flight
   (You found it on level 1 of the Dungeon)
 k - a ring of resist corrosion
   (You found it on level 10 of the Dungeon)
 p - a +4 ring of protection
   (You found it on level 13 of the Dungeon)
 r - the ring "Baso" {*Corrode +Blink MP+9 Int+5}
   (You acquired it on level 12 of a ziggurat)

   [ring of magical power]

   It affects your intelligence (+5).
   It affects your magic capacity (+9).
   It lets you blink.
   It may corrode you when you take damage.
 u - a +6 ring of intelligence
   (You found it on level 2 of the Spider Nest)
 x - the ring of the Raven {Fire rN+ Int+4}
   (You found it on level 6 of the Lair of Beasts)

   [ring of fire]

   It enhances your fire magic.
   It affects your intelligence (+4).
   It protects you from fire.
   It makes you vulnerable to cold.
   It protects you from negative energy.
 z - the amulet "Baqisuxkyx" {Regen+ Str+9 Int-5 Dex-5 Stlth+}
   (You found it on level 3 of the Tomb of the Ancients)

   [amulet of regeneration]

   It affects your strength (+9).
   It affects your intelligence (-5).
   It affects your dexterity (-5).
   It increases your rate of regeneration.
   It makes you more stealthy.
 E - the ring of Sif Muna's Supremacy {rC+ Dex+4}
   (You found it on level 5 of the Pits of Slime)

   [ring of protection from cold]

   It affects your dexterity (+4).
   It protects you from cold.
 Q - the amulet of Day (around neck) {Reflect Fragile rPois Int+3 Slay+3 SH+5}
   (You found it on level 5 of the Vaults)

   [amulet of reflection]

   It shields you and reflects attacks.
   It affects your intelligence (+3).
   It affects your accuracy and damage with ranged weapons and melee attacks
   (+3).
   It protects you from poison.
   It will be destroyed if unequipped.
   It affects your SH (+5).
 R - the ring of Sloth {rPois rC+ Dex+6 Slay+3 SInv}
   (You found it on level 6 of a ziggurat)

   [ring of dexterity]

   It affects your dexterity (+6).
   It affects your accuracy and damage with ranged weapons and melee attacks
   (+3).
   It protects you from cold.
   It protects you from poison.
   It lets you see invisible.
 T - the ring "Innic" {rPois rF+ Stlth+}
   (You found it on level 2 of the Crypt)

   [ring of protection from fire]

   It protects you from fire.
   It protects you from poison.
   It makes you more stealthy.
 W - the ring of Upteodghurcha {+Blink rElec AC+4 Str+8 Dex-5}
   (You found it on level 10 of a ziggurat)

   [ring of protection]

   It affects your AC (+4).
   It affects your strength (+8).
   It affects your dexterity (-5).
   It insulates you from electricity.
   It lets you blink.
Wands
 i - a wand of paralysis (6)
   (You found it on level 2 of the Orcish Mines)
 j - a wand of polymorph (22)
   (You found it on level 4 of the Spider Nest)
 s - a wand of flame (14)
   (You found it on level 5 of the Lair of Beasts)
 v - a wand of digging (18)
   (You found it on level 4 of the Dungeon)
 y - a wand of charming (8)
   (You bought it in a shop on level 2 of the Orcish Mines)
 O - a wand of iceblast (13)
   (You took it off an orc knight on level 5 of the Vaults)
 U - a wand of mindburst (9)
   (You found it on level 2 of the Crypt)
Scrolls
 c - a scroll of torment
 g - a scroll of immolation
 m - 3 scrolls of fear
 t - a scroll of teleportation
 B - 3 scrolls of vulnerability
 C - a scroll of summoning
 K - 7 scrolls of amnesia
Potions
 d - 2 potions of might
 n - 5 potions of resistance
 A - 2 potions of cancellation
 D - a potion of flight
 L - a potion of brilliance
 N - 4 potions of mutation
 S - a potion of lignification
 V - a potion of attraction
Miscellaneous
 F - a box of beasts
   (You found it on level 5 of the Pits of Slime)
 G - a condenser vane (inert)
   (You found it on level 5 of the Pits of Slime)
 H - a lightning rod (4/4)
   (You found it on level 5 of the Pits of Slime)
 I - a phial of floods
   (You found it on level 5 of the Pits of Slime)
 J - a tin of tremorstones (2/2)
   (You found it on level 5 of the Pits of Slime)
 P - a phantom mirror
   (You found it on level 5 of the Vaults)


   Skills:
 - Level 20.0 Fighting
 - Level 20.0 Dodging
 - Level 20.0 Stealth
 - Level 20.0 Unarmed Combat
 - Level 12.0 Spellcasting
 - Level 1.0 Conjurations
 - Level 4.0 Summonings
 - Level 5.0 Translocations
 - Level 12.0 Transmutations
 - Level 1.0 Fire Magic
 + Level 13.7 Earth Magic
 - Level 8.0 Invocations
 - Level 8.0 Evocations


You had 3 spell levels left.
You knew the following spells:

 Your Spells              Type           Power      Damage    Failure   Level
a - Sandblast             Erth           100%       2d20      0%          1
b - Apportation           Tloc           100%       N/A       1%          1
c - Blink                 Tloc           N/A        N/A       1%          2
d - Passwall              Tmut/Erth      80%        N/A       0%          2
e - Passage of Golubria   Tloc           N/A        N/A       1%          4
f - Manifold Assault      Tloc           64%        N/A       1%          4
g - Petrify               Tmut/Erth      97%        N/A       1%          4
h - Lee's Rapid Deconstr  Erth           50%        3d25*     1%          5
i - Borgnjor's Vile Clut  Necr/Erth      36%        N/A       1%          5
j - Statue Form           Tmut/Erth      64%        N/A       1%          6
k - Dragon Form           Tmut           47%        N/A       6%          7

Your spell library contained the following spells:

 Spells                   Type           Power      Damage    Failure   Level
 Animate Skeleton         Necr           54%        N/A       1%          1
 Corona                   Hex            30%        N/A       1%          1
 Foxfire                  Conj/Fire      100%       2x1d9     1%          1
 Freeze                   Ice            100%       1d11      1%          1
 Magic Dart               Conj           100%       1d8       1%          1
 Pain                     Necr           100%       1d9       1%          1
 Shock                    Conj/Air       100%       1d9       1%          1
 Summon Small Mammal      Summ           100%       N/A       1%          1
 Call Imp                 Summ           58%        N/A       1%          2
 Ensorcelled Hibernation  Hex/Ice        54%        N/A       1%          2
 Poisonous Vapours        Pois/Air       54%        N/A       1%          2
 Searing Ray              Conj           72%        3d6       1%          2
 Slow                     Hex            27%        N/A       1%          2
 Swiftness                Air            27%        N/A       1%          2
 Call Canine Familiar     Summ           58%        N/A       1%          3
 Conjure Flame            Conj/Fire      36%        6-21      1%          3
 Gell's Gravitas          Tloc           32%        N/A       1%          3
 Stone Arrow              Conj/Erth      100%       3d13      1%          3
 Summon Guardian Golem    Hex/Summ       45%        N/A       1%          3
 Dazzling Flash           Conj/Hex       62%        N/A       2%          3
 Inner Flame              Hex/Fire       31%        N/A       2%          3
 Mephitic Cloud           Conj/Pois/Air  29%        N/A       2%          3
 Static Discharge         Conj/Air       31%        N/A       2%          3
 Confusing Touch          Hex            27%        N/A       3%          3
 Frozen Ramparts          Ice            54%        1d7       3%          3
 Ozocubu's Armour         Ice            27%        N/A       3%          3
 Tukima's Dance           Hex            27%        N/A       3%          3
 Vampiric Draining        Necr           13%        2d7       3%          3
 Leda's Liquefaction      Hex/Erth       36%        N/A       1%          4
 Yara's Violent Unravell  Hex/Tmut       34%        3d14      2%          5
 Iskenderun's Mystic Bla  Conj/Tloc      52%        2d11      3%          4
 Bolt of Magma            Conj/Fire/Erth 32%        4d14      3%          5
 Summon Ice Beast         Ice/Summ       45%        N/A       4%          4
 Summon Lightning Spire   Summ/Air       45%        N/A       4%          4
 Summon Forest            Summ/Tloc      30%        N/A       4%          5
 Sticky Flame             Conj/Fire      36%        2d6       7%          4
 Iron Shot                Conj/Erth      37%        9d7       8%          6
 Fulminant Prism          Conj/Hex       15%        3d11      9%          4
 Hailstorm                Conj/Ice       31%        3d8       9%          4
 Airstrike                Air            13%        N/A       10%         4
 Animate Dead             Necr           13%        N/A       10%         4
 Cause Fear               Hex            13%        N/A       10%         4
 Summon Mana Viper        Hex/Summ       45%        N/A       12%         5
 Eringya's Noxious Bog    Tmut/Pois      34%        N/A       13%         6
 Dispersal                Tloc           32%        N/A       21%         6
 Lightning Bolt           Conj/Air       15%        1d29      22%         5
 Agony                    Necr           27%        N/A       28%         5
 Metabolic Englaciation   Hex/Ice        13%        N/A       28%         5
 Silence                  Hex/Air        13%        N/A       28%         5
 Shadow Creatures         Summ           N/A        N/A       30%         6
 Freezing Cloud           Conj/Ice/Air   14%        6-21      80%         6
 Death Channel            Necr           13%        N/A       83%         6
 Simulacrum               Ice/Necr       13%        N/A       83%         6
 Summon Hydra             Summ           29%        N/A       86%         7
 Shatter                  Erth           50%        3d38*     98%         9
 Orb of Destruction       Conj           18%        9d8       99%         7
 Discord                  Hex            13%        N/A       100%        8
 Disjunction              Tloc           32%        N/A       100%        8
 Dragon's Call            Summ           29%        N/A       100%        9
 Portal Projectile        Hex/Tloc       Unusable   N/A       N/A         3
 Animate Armour           Summ/Erth      Unusable   N/A       N/A         4

Dungeon Overview and Level Annotations

Branches:
Dungeon (15/15)            Temple (1/1) D:5            Lair (6/6) D:10
  Swamp (4/4) Lair:2       Spider (4/4) Lair:2        Slime (5/5) Lair:6
    Orc (2/2) D:11            Elf (0/3) Orc:2        Vaults (5/5) D:14
  Crypt (3/3) Vaults:3       Tomb (3/3) Crypt:3
 Depths: D:15

Altars:
Ashenzari
Cheibriados
Elyvilon
Fedhas
Gozag
Kikubaaqudgha
Makhleb
Nemelex Xobeh
Okawaru
Ru
Xom
Zin
Jiyva

Shops:
D:6 :   D:11 !   Orc:2 ?**[

Annotations:
D:6 exclusions: giant cockroach, orc priest and orc warrior
D:12 exclusion: 2 doors
Swamp:1 exclusion: downstairs
Spider:2 exclusion: upstairs
Crypt:2 Mennas, exclusion: downstairs
Crypt:3 exclusion: upstairs
Tomb:3 exclusions: mummy priest and 1 more exclusion, Khufu


Innate Abilities, Weirdness & Mutations

You are a living statue of rough stone.
Your actions are slow, but your melee attacks are powerful.
You are resistant to unholy torment.
Your maximum health is greatly increased.
You are immune to poison.
You have sharp claws.
You have razor-sharp teeth.
You have supernaturally acute eyesight. (SInv)
((You cover ground quickly. (Speed+)))
((Your thick and shaggy fur keeps you warm. (AC +3, rC+)))
Your stealthy paws help you sneak and pounce on unaware monsters.
You are incapable of wielding weapons or throwing items.
You cannot wear armour.
You gain extra lives every three experience levels.
You have a pair of small antennae on your head.
You have sharp toenails.
You are partially covered in large bone plates. (SH +4)
((You are partially covered in thin metallic scales. (AC +2)))
You are agile. (Dex +2)
You possess an exceptional clarity of mind.
Your muscles are strong. (Str +2)


Message History

The pyre of ghostly fire engulfs your fire giant zombie.
Your fire giant zombie completely resists.
The pyre of ghostly fire engulfs your mummy.
Your mummy completely resists.
You hear a screech!
You hear a shout!
Your mummy hits the guardian mummy!
The guardian mummy hits your fire giant zombie.
The guardian mummy barely misses you.
The royal mummy calls on the powers of darkness!
Your body is wracked with pain!
* * * LOW HITPOINT WARNING * * *
The skeletal warrior completely misses you.
Your fire giant zombie hits the guardian mummy!!
Unknown command.
Are you sure you want to stumble around while confused and next to your fire giant zombie?
You bump into the stone wall.
You feel less invigorated.
You feel less confused.
Your guardian mummy closely misses the guardian mummy.
You block the guardian mummy's attack.
The guardian mummy hits your fire giant zombie!
The royal mummy completely misses you. The guardian mummy barely misses you.
The skeletal warrior misses you.
Your mummy hits the guardian mummy!!
Your fire giant zombie hits the guardian mummy!
Your guardian mummy hits the guardian mummy.
Unknown command.
Unknown command.
Unknown command.
Unknown command.
Unknown command.
Unknown command.
You fail to use your ability.
You block the royal mummy's attack.
The skeletal warrior completely misses you.
The guardian mummy completely misses you.
The guardian mummy hits your fire giant zombie!!
The guardian mummy misses you.
Your fire giant zombie barely misses the guardian mummy.
Your mummy hits the guardian mummy.
Your guardian mummy hits the guardian mummy!
The royal mummy hits you!!
You die...

.M...[§§B§......Ms........
...................B......
.....!.....sss.BZBBb......
...^........z.....Z.....##
^..........BM......M..###
......M..........###'##
.......M.M....M.##....###
#........z.§M..##ZMM....###
##....M.......##8MM.......#
<##..M.§..§.^##zMM........#
..##.§§....M##..MM...^...$$#
...##§.M...##..........$$!$#
..^##§M§M..##..[.....$$$$$}#
....#.sM^§.#M.......$$$$$:}#
....#§§..s.#)......$$$})$)=#
....'......'........$|).}[##
^...#.M....#......$$$)[:|##


You could see 2 royal mummies, a skeletal warrior, 5 guardian mummies, a
friendly guardian mummy (summoned), a friendly mummy (summoned) and a friendly
fire giant zombie (summoned).

Vanquished Creatures
  the Royal Jelly (Slime:5)
  4 dread liches
  16 royal mummies
  2 pandemonium lords
  The ghost of Zijastu the Axe Maniac, a veteran MiBe of Trog (Crypt:2)
  Frederick (Tomb:1)
  Bai Suzhen (Vaults:4)
  Margery (Vaults:5)
  A golden dragon (Vaults:5)
  A bone dragon (Crypt:3)
  A Hell Sentinel (Zig:9)
  A Tzitzimitl (Zig:10)
  2 tentacled monstrosities (Vaults:5)
  2 liches (Crypt:3)
  A titan (Vaults:5)
  A quicksilver dragon (Zig:8)
  21 acid blobs
  3 ancient champions
  5 Executioners
  3 sphinxes
  4 shadow dragons
  2 tengu reavers (Vaults:5)
  3 storm dragons
  Donald (Orc:2)
  5 nagarajas (Zig:12)
  A thorn hunter (Swamp:4)
  7 rockslimes
  2 fire giants (Vaults:5)
  10 azure jellies
  A frost giant (Vaults:5)
  A deep elf sorcerer (Vaults:5)
  An orc warlord (Orc:2)
  A corrupter (Zig:7)
  A fenstrider witch (Swamp:4)
  2 balrugs
  The ghost of hemabe71 the Protected, a journeyman HuAr of Trog (Orc:1)
  A draconian shifter (Zig:3)
  3 ghost moths (Spider:4)
  6 vault wardens
  6 emperor scorpions
  Aizul (Swamp:3)
  3 curse skulls (Crypt:2)
  A warmonger (Zig:10)
  14 war gargoyles
  A juggernaut skeleton (Zig:7)
  3 ghouls
  15 ironbound preservers
  3 reapers
  6 quicksilver oozes
  2 blood saints (Zig:10)
  An apis (Zig:5)
  5 stone giants (Vaults:5)
  3 vampire knights
  3 very ugly things
  A deep elf annihilator (Vaults:5)
  2 dire elephants (Vaults:1)
  A white draconian (Zig:3)
  A black draconian (Zig:3)
  8 bennus
  A black sun (Zig:10)
  3 entropy weavers
  3 spark wasps
  2 bunyips
  An ettin (Vaults:1)
  A deep elf death mage (Vaults:5)
  3 blizzard demons
  3 eleionomae
  A fire dragon (Lair:6)
  8 mummy priests
  2 quicksilver dragon zombies
  2 shambling mangroves (Swamp:4)
  5 crystal guardians
  An ironbound thunderhulk (Vaults:3)
  2 deep elf high priests (Vaults:5)
  A boulder beetle (Vaults:1)
  34 vault guards
  6 yaktaur captains
  2 great orbs of eyes
  5 hydras
  2 ice dragons (Zig:8)
  2 peacekeepers (Vaults:3)
  4 ogre magi (Swamp:4)
  An ironbound frostheart (Vaults:3)
  A quicksilver dragon skeleton (Crypt:3)
  7 alligators
  A catoblepas (Lair:6)
  A ghost crab (Swamp:1)
  An anaconda (Zig:12)
  A spriggan air mage (Swamp:4)
  A naga warrior (Zig:2)
  10 centaur warriors
  3 death knights
  27 death scarabs
  A titan zombie (Crypt:3)
  5 dancing weapons (Crypt:3)
  3 vampire magi
  Urug (D:11)
  3 orc high priests (Orc:2)
  5 death yaks (Lair:6)
  2 naga sharpshooters (Zig:12)
  2 ironbound beastmasters
  8 hell knights
  A thrashing horror (Zig:7)
  3 shock serpents
  A sun demon (Zig:10)
  2 titan skeletons
  3 soul eaters
  A fire crab (Lair:6)
  17 skeletal warriors
  2 death drakes (shapeshifter) (Vaults:5)
  A sea snake (shapeshifter) (Vaults:5)
  2 sixfirhies (Zig:10)
  5 unseen horrors
  A shadow wraith (Vaults:5)
  3 goliath frogs
  9 spriggan druids
  A swamp dragon (shapeshifter) (Vaults:5)
  A naga ritualist (Zig:12)
  39 deep trolls
  5 swamp dragons
  7 ironbound convokers
  3 bog bodies
  2 anaconda skeletons
  9 phantasmal warriors
  5 harpies (Vaults:5)
  A golden dragon skeleton (Crypt:3)
  A deep elf pyromancer (Swamp:4)
  3 large abominations (Zig:7)
  5 wizards
  12 necromancers
  6 orc knights
  3 flayed ghosts
  14 orb spiders
  A lindwurm (Vaults:3)
  A stone giant zombie (Crypt:3)
  15 wolf spiders
  2 mana vipers
  7 orc sorcerers
  3 shining eyes
  2 manticores (D:14)
  A tengu skeleton (Zig:6)
  6 will-o-the-wisps
  6 ugly things
  A worldbinder (Zig:7)
  2 moths of wrath
  An eye of devastation (Slime:5)
  A stone giant skeleton (Tomb:3)
  A frost giant skeleton (Crypt:3)
  A fire giant skeleton (Crypt:3)
  15 elephants
  14 cane toads
  2 smoke demons
  2 torpor snails
  9 black mambas
  3 orange demons (Swamp:4)
  3 molten gargoyles (Lair:6)
  9 vault sentinels
  4 freezing wraiths
  5 naga magi (Zig:12)
  6 komodo dragons
  A dire elephant skeleton (Crypt:1)
  A grey draconian zombie (Crypt:1)
  A cane toad (shapeshifter) (Vaults:5)
  A kobold demonologist (Zig:7)
  A minotaur zombie (Crypt:1)
  3 tormentors
  10 yaktaurs
  2 hellions
  3 rime drakes
  3 demonic crawlers
  A hydra zombie (Tomb:2)
  A red devil (Zig:10)
  22 jumping spiders
  12 guardian mummies
  2 trolls (Orc:2)
  A harpy zombie (Crypt:2)
  14 hornets
  5 meliai
  59 slime creatures
  8 tyrant leeches
  3 polar bears
  10 blink frogs
  2 ettin zombies (Crypt:3)
  A wind drake (shapeshifter) (Vaults:5)
  2 fire dragon zombies (Crypt:3)
  A hydra skeleton (Tomb:3)
  32 flying skulls
  Sigmund (D:6)
  6 wyverns
  5 spriggans
  13 tarantellas
  A fire dragon skeleton (Crypt:1)
  6 wraiths
  33 redbacks
  30 yaks
  10 ushabtiu
  A ynoxinul (Zig:7)
  A basilisk (shapeshifter) (Vaults:5)
  3 neqoxecs
  4 steam dragons
  A basilisk (Lair:6)
  Menkaure (D:5)
  A chaos spawn (Swamp:4)
  5 vampire mosquitoes
  8 swamp worms
  A glowing shapeshifter zombie (Crypt:1)
  An acid dragon (Zig:8)
  5 nagas (Zig:12)
  7 wargs
  8 water moccasins
  2 hell hounds
  4 sky beasts
  2 swamp drakes
  18 orc warriors
  A snapping turtle zombie (Crypt:2)
  An ice beast (D:10)
  An ice dragon simulacrum (Crypt:1)
  5 necrophages
  11 ogres
  3 boggarts (Vaults:1)
  A black bear (D:13)
  3 phantoms
  3 snapping turtle skeletons
  10 centaurs
  2 kobold brigands
  An octopode zombie (Crypt:2)
  A small abomination (Zig:7)
  14 bullfrogs
  4 scorpions
  A wyvern skeleton (Crypt:1)
  10 killer bees
  2 howler monkeys
  11 wights
  A spriggan skeleton (Crypt:3)
  4 lava snakes (Lair:6)
  A bullfrog zombie (D:5)
  2 jellies
  A quasit (D:6)
  A centaur skeleton (D:5)
  6 hounds
  2 iron imps (Zig:1)
  8 orc priests
  5 iguanas
  19 orc wizards
  A worker ant (D:10)
  4 hell rats (Lair:3)
  An ogre skeleton (Crypt:2)
  A hound zombie (D:10)
  19 mummies
  A worker ant zombie (D:6)
  5 adders
  A swamp drake zombie (Crypt:1)
  2 shadow imps (D:10)
  A white imp (D:10)
  2 ufetubi
  4 oozes
  An adder zombie (D:6)
  An adder skeleton (D:6)
  A worm (D:2)
  3 dart slugs
  6 leopard geckos
  51 orcs
  4 bats
  8 giant cockroaches
  6 goblins
  6 hobgoblins
  7 jackals
  8 kobolds
  2 quokkas
  2 ball pythons (D:2)
  A frilled lizard (D:1)
  A quokka zombie (D:8)
  4 rats
1340 creatures vanquished.

Vanquished Creatures (collateral kills)
  A thorn hunter (Swamp:4)
  2 alligators (Swamp:4)
  A death knight (Crypt:2)
  A death drake (Swamp:4)
  A spriggan druid (Swamp:4)
  A swamp dragon (Swamp:4)
  4 shining eyes
  A guardian mummy (Tomb:3)
  A meliai (Spider:2)
  A hornet (Swamp:4)
  A tyrant leech (Swamp:4)
  A slime creature (Slime:4)
  A spriggan (Swamp:4)
  A swamp drake (Swamp:4)
  A bullfrog (D:6)
  A scorpion (D:6)
  A howler monkey (D:5)
  An orc priest (D:11)
  4 worker ants
  2 mummies (Tomb:3)
  A white imp (D:6)
  A worm (D:4)
  A leopard gecko (D:6)
  5 orcs
  A goblin (D:2)
37 creatures vanquished.

Vanquished Creatures (others)
  A quicksilver dragon (Zig:8)
  A storm dragon (Vaults:5)
  A nagaraja (Zig:12)
  A vault guard (Vaults:5)
  An ugly thing (Vaults:3)
  A bloated husk (Swamp:4)
  A redback (Spider:1)
  A wyvern (Zig:8)
  A killer bee (D:10)
  2 orcs
  50 foxfires
  21 fungi
  32 plants
114 creatures vanquished.

Grand Total: 1491 creatures vanquished

Notes
Turn   | Place    | Note
-------+----------+-------------------------------------------
     0 | D:1      | CurlyBrace the Felid Summoner began the quest for the Orb.
     0 | D:1      | Reached XP level 1. HP: 7/7 MP: 4/4
    40 | D:2      | Reached XP level 2. HP: 11/12 MP: 1/6
    85 | D:3      | Learned a level 2 spell: Call Imp
   135 | D:3      | Upgraded the game from 0.27-a0-607-g1ad3dbde53 to
                  | 0.27-a0-637-g3a9f0a9c12
   253 | D:4      | Reached skill level 1 in Fighting
   253 | D:4      | Reached skill level 1 in Unarmed Combat
   254 | D:4      | Reached XP level 3. HP: 14/15 MP: 7/7
   281 | D:5      | Entered Level 5 of the Dungeon
   443 | D:5      | Noticed Menkaure
   477 | D:5      | Reached skill level 1 in Evocations
   477 | D:5      | Reached XP level 4. HP: 14/19 MP: 1/8
   595 | D:5      | Reached XP level 5. HP: 19/24 MP: 3/9
   598 | D:5      | Found a staircase to the Ecumenical Temple.
   610 | Temple   | Entered the Ecumenical Temple
   648 | Temple   | Became a worshipper of Cheibriados the Contemplative
   710 | D:5      | Learned a level 1 spell: Foxfire
   753 | D:5      | Killed Menkaure
   831 | D:7      | Gained mutation: You are covered in thick fur. (AC +2)
                  | [Felid growth]
   831 | D:7      | Reached XP level 6. HP: 21/28 MP: 6/10
   867 | D:6      | HP: 1/28 [centaur (5)]
   869 | D:6      | Slain by a centaur
   870 | D:6      | Reached XP level 5. HP: 0/25 MP: 1/9
   871 | D:6      | Noticed Sigmund
   934 | D:6      | Reached XP level 6. HP: 27/29 MP: 4/10
   955 | D:6      | Noticed an orc warrior
  1193 | D:2      | Reached * piety under Cheibriados
  1358 | D:2      | Reached skill level 5 in Fighting
  1358 | D:2      | Reached skill level 5 in Unarmed Combat
  1382 | D:2      | Found a radiant altar of Vehumet.
  1384 | D:2      | Found a shimmering altar of Xom.
  1384 | D:2      | Found a stormy altar of Qazlal.
  1386 | D:2      | Found a shimmering altar of Xom.
  1386 | D:2      | Found a shimmering altar of Xom.
  1386 | D:2      | Found a blossoming altar of Fedhas.
  1732 | D:3      | You fall into a shaft and drop 1 floor!
  1754 | D:5      | Found an opulent altar of Gozag.
  1754 | D:5      | Found a shimmering altar of Xom.
  1761 | D:5      | Reached ** piety under Cheibriados
  1919 | D:6      | Gained mutation: You have sharp toenails. [potion of
                  | mutation]
  1919 | D:6      | Gained mutation: You are partially covered in rugged brown
                  | scales. (AC +1, +3% HP) [potion of mutation]
  1923 | D:6      | Killed Sigmund
  1924 | D:6      | Reached XP level 7. HP: 33/33 MP: 8/11
  2054 | D:6      | Found Hus Les's Book Emporium.
  2310 | D:7      | Reached skill level 5 in Dodging
  2310 | D:7      | Reached skill level 5 in Stealth
  2310 | D:7      | Reached XP level 8. HP: 16/39 MP: 9/12
  2326 | D:7      | Reached *** piety under Cheibriados
  2377 | D:7      | Learned a level 1 spell: Apportation
  2449 | D:10     | Entered Level 10 of the Dungeon
  2470 | D:10     | Identified a scroll of acquirement
  2470 | D:10     | Acquired the ring of Oshrikh {rPois rF+ rC+ Slay+3 SInv}
  2521 | D:11     | Noticed an unseen horror
  2529 | D:11     | Killed an unseen horror
  2530 | D:11     | Reached XP level 9. HP: 35/44 MP: 12/15
  2752 | D:13     | Reached **** piety under Cheibriados
  2777 | D:13     | Noticed a centaur warrior
  2785 | D:13     | Killed a centaur warrior
  2788 | D:13     | Noticed a meliai
  2789 | D:13     | Killed from afar by a meliai
  2790 | D:13     | Reached XP level 8. HP: -7/64 MP: 15/15
  2803 | D:13     | Learned a level 7 spell: Dragon Form
  2858 | D:14     | Reached skill level 1 in Transmutations
  2865 | D:14     | Noticed a manticore
  2878 | D:14     | Reached XP level 9. HP: 46/46 MP: 16/16
  2881 | D:14     | Killed a manticore
  2934 | D:14     | Identified the amulet of Gequaxe {Spirit Str+5 Int+4 Slay-4
                  | Stlth+}
  3025 | D:12     | Noticed a boulder beetle
  3137 | D:11     | Found Cietikec's Distillery.
  3148 | D:11     | Bought a potion of lignification for 42 gold pieces
  3164 | D:13     | Noticed a freezing wraith
  3279 | D:12     | Reached ***** piety under Cheibriados
  3393 | D:11     | Reached XP level 10. HP: 49/50 MP: 14/17
  3406 | D:11     | Noticed Urug
  3455 | D:11     | Killed Urug
  3514 | D:10     | Noticed an unseen horror
  3574 | D:11     | Found a staircase to the Orcish Mines.
  3588 | Orc:1    | Entered Level 1 of the Orcish Mines
  3669 | Orc:1    | Found a runed translucent gate.
  3669 | Orc:1    | Found a runed translucent gate.
  3669 | Orc:1    | Found a runed translucent gate.
  3692 | Orc:1    | Found an opulent altar of Gozag.
  3695 | Orc:1    | Noticed an orc sorcerer
  3695 | Orc:1    | Noticed hemabe71's ghost (journeyman HuAr)
  3744 | Orc:2    | Entered Level 2 of the Orcish Mines
  3808 | Orc:2    | Noticed Maurice
  3810 | Orc:2    | Noticed Maurice
  3810 | Orc:2    | Maurice changed into Maurice the wyvern
  3822 | Orc:2    | Killed Maurice the wyvern
  3824 | Orc:2    | Noticed Donald
  3919 | D:11     | Noticed a purple ugly thing
  4094 | D:10     | Found a glowing silver altar of Zin.
  4235 | D:10     | Found a staircase to the Lair.
  4247 | D:10     | Learned a level 4 spell: Petrify
  4258 | D:10     | Reached ****** piety under Cheibriados
  4396 | D:6      | Found an iron altar of Okawaru.
  4427 | D:6      | Bought a book of Geomancy for 490 gold pieces
  4553 | D:7      | Reached skill level 1 in Earth Magic
  4688 | D:9      | Reached XP level 11. HP: 53/54 MP: 9/18
  4772 | D:10     | Noticed an unseen horror
  4781 | D:10     | Killed an unseen horror
  4782 | D:10     | Reached skill level 5 in Spellcasting
  4788 | D:10     | Killed an unseen horror
  4789 | D:10     | Reached skill level 10 in Transmutations
  4792 | D:10     | Learned a level 2 spell: Passwall
  4812 | Lair:1   | Entered Level 1 of the Lair of Beasts
  4856 | Lair:1   | Gained mutation: You are dopey. (Int -2) [mutagenic glow]
  4963 | Lair:1   | Learned a level 5 spell: Lee's Rapid Deconstruction
  4975 | Lair:2   | Noticed a six-headed hydra
  5010 | Lair:2   | Found a hole to the Spider Nest.
  5010 | Lair:2   | Noticed an orb spider
  5022 | Lair:2   | Killed an orb spider
  5025 | Spider:1 | Entered Level 1 of the Spider Nest
  5029 | Spider:1 | Noticed an orb spider
  5035 | Spider:1 | Killed an orb spider
  5043 | Spider:1 | Reached skill level 1 in Translocations
  5051 | Spider:2 | Noticed an emperor scorpion
  5055 | Spider:2 | Reached skill level 1 in Fire Magic
  5056 | Spider:2 | Reached skill level 1 in Conjurations
  5056 | Spider:2 | Noticed a wolf spider
  5065 | Spider:2 | Killed an emperor scorpion
  5068 | Spider:2 | Killed a wolf spider
  5118 | Spider:1 | Noticed an entropy weaver
  5152 | Spider:1 | Killed an entropy weaver
  5153 | Spider:1 | Gained mutation: Your thick and shaggy fur keeps you warm.
                  | (AC +3, rC+) [Felid growth]
  5153 | Spider:1 | Reached XP level 12. HP: 59/59 MP: 17/23
  5167 | Spider:1 | Reached skill level 10 in Fighting
  5194 | Spider:2 | Reached skill level 10 in Unarmed Combat
  5220 | Spider:2 | Noticed a ghost moth
  5234 | Spider:1 | Reached skill level 1 in Invocations
  5235 | Spider:1 | Noticed an emperor scorpion
  5253 | Spider:1 | Killed an emperor scorpion
  5253 | Spider:1 | Noticed an emperor scorpion
  5362 | Spider:3 | Learned a level 1 spell: Sandblast
  5414 | Spider:3 | Reached XP level 13. HP: 64/64 MP: 7/26
  5445 | Spider:3 | Noticed an entropy weaver
  5460 | Spider:3 | Noticed an entropy weaver
  5469 | Spider:3 | Killed an entropy weaver
  5472 | Spider:3 | Killed an entropy weaver
  5512 | Spider:4 | Entered Level 4 of the Spider Nest
  5569 | Spider:4 | Noticed an emperor scorpion
  5578 | Spider:4 | Killed an emperor scorpion
  5688 | Spider:4 | Noticed a ghost moth
  5694 | Spider:4 | Killed a ghost moth
  5814 | Spider:4 | Noticed a spark wasp
  5814 | Spider:4 | Noticed a spark wasp
  5814 | Spider:4 | Noticed an emperor scorpion
  5814 | Spider:4 | Noticed an emperor scorpion
  5814 | Spider:4 | Noticed an emperor scorpion
  5831 | Spider:4 | Noticed a ghost moth
  5831 | Spider:4 | Killed a spark wasp
  5832 | Spider:4 | Reached skill level 5 in Invocations
  5834 | Spider:4 | Killed an emperor scorpion
  5834 | Spider:4 | Killed a ghost moth
  5835 | Spider:4 | Reached skill level 5 in Earth Magic
  5835 | Spider:4 | Reached XP level 14. HP: 71/71 MP: 0/27
  5836 | Spider:4 | Killed an emperor scorpion
  5837 | Spider:4 | Reached skill level 10 in Stealth
  5910 | Spider:4 | Noticed a ghost moth
  5917 | Spider:4 | Killed a ghost moth
  5918 | Spider:4 | Reached skill level 10 in Dodging
  5924 | Spider:4 | Killed an emperor scorpion
  5991 | Spider:4 | Gained mutation: You are frail. (-10% HP) [mutagenic glow]
  6008 | Spider:4 | Got a gossamer rune of Zot
  6009 | Spider:4 | Lost mutation: You are partially covered in rugged brown
                  | scales. (AC +1, +3% HP) [potion of mutation]
  6009 | Spider:4 | Lost mutation: You are frail. (-10% HP) [potion of
                  | mutation]
  6009 | Spider:4 | Lost mutation: You are dopey. (Int -2) [potion of mutation]
  6009 | Spider:4 | Gained mutation: You are dopey. (Int -2) [potion of
                  | mutation]
  6009 | Spider:4 | Lost mutation: You are dopey. (Int -2) [potion of mutation]
  6009 | Spider:4 | Gained mutation: You are partially covered in thin metallic
                  | scales. (AC +2) [potion of mutation]
  6009 | Spider:4 | Gained mutation: Your system is resistant to poisons.
                  | (rPois) [potion of mutation]
  6141 | Spider:2 | Was placed under penance by Cheibriados
  6142 | Spider:2 | Was forgiven by Cheibriados
  6231 | Lair:2   | Found a staircase to the Swamp.
  6248 | Swamp:1  | Entered Level 1 of the Swamp
  6453 | Swamp:2  | Learned a level 4 spell: Summon Ice Beast
  6580 | Swamp:3  | Noticed Aizul
  6603 | Swamp:3  | Killed Aizul
  6633 | Swamp:4  | Entered Level 4 of the Swamp
  6633 | Swamp:4  | Noticed a thorn hunter
  6644 | Swamp:4  | Killed a thorn hunter
  6645 | Swamp:4  | Reached XP level 15. HP: 23/73 MP: 4/28
  6896 | Swamp:4  | Learned a level 4 spell: Passage of Golubria
  6927 | Swamp:4  | Identified the +2 robe of Rationality {rF+}
  6991 | Swamp:4  | Noticed a fenstrider witch
  7026 | Swamp:4  | Gained mutation: Your body sometimes deteriorates upon
                  | taking damage. [a neqoxec]
  7040 | Swamp:4  | Noticed a thorn hunter
  7046 | Swamp:4  | Killed a thorn hunter
  7059 | Swamp:4  | Noticed a fenstrider witch
  7061 | Swamp:4  | Killed a fenstrider witch
  7157 | Swamp:4  | Got a decaying rune of Zot
  7168 | Swamp:4  | Noticed a fenstrider witch
  7186 | Swamp:4  | Noticed a fenstrider witch
  7521 | Lair:6   | Entered Level 6 of the Lair of Beasts
  7529 | Lair:6   | Found an ancient bone altar of Kikubaaqudgha.
  7541 | Lair:6   | Reached XP level 16. HP: 79/79 MP: 18/30
  7544 | Lair:6   | Identified the ring of the Raven {Fire rN+ Int+4}
  7671 | Lair:6   | Found a large runed translucent door.
  7671 | Lair:6   | Found a large runed translucent door.
  7690 | Lair:6   | Reached skill level 10 in Spellcasting
  7798 | Lair:6   | Learned a level 6 spell: Statue Form
  7808 | Lair:6   | Found a viscous altar of Jiyva.
  7808 | Lair:6   | Found a staircase to the Slime Pits.
  7848 | Slime:1  | Entered Level 1 of the Pits of Slime
  7904 | Slime:1  | Noticed an acid blob
  7953 | Slime:1  | Killed an acid blob
  8106 | Slime:3  | Noticed an acid blob
  8113 | Slime:3  | Killed an acid blob
  8119 | Slime:3  | Learned a level 4 spell: Manifold Assault
  8127 | Slime:4  | Noticed an acid blob
  8128 | Slime:4  | Noticed an acid blob
  8129 | Slime:4  | Gained mutation: You have a pair of small antennae on your
                  | head. [a shining eye]
  8133 | Slime:4  | Killed an acid blob
  8140 | Slime:3  | Killed an acid blob
  8178 | Slime:5  | Entered Level 5 of the Pits of Slime
  8178 | Slime:5  | Noticed an acid blob
  8183 | Slime:5  | Killed an acid blob
  8189 | Slime:5  | Noticed an acid blob
  8192 | Slime:5  | Killed an acid blob
  8196 | Slime:5  | Noticed an acid blob
  8197 | Slime:5  | Noticed the Royal Jelly
  8199 | Slime:5  | Noticed an acid blob
  8200 | Slime:5  | Found a viscous altar of Jiyva.
  8200 | Slime:5  | Noticed an acid blob
  8201 | Slime:5  | Noticed an acid blob
  8201 | Slime:5  | Killed an acid blob
  8205 | Slime:5  | Killed an acid blob
  8207 | Slime:5  | Noticed an acid blob
  8239 | Slime:5  | Killed an acid blob
  8240 | Slime:5  | Reached XP level 17. HP: 28/84 MP: 2/34
  8257 | Slime:5  | Found the +8 frozen axe "Frostbite" {freezing cloud, *Noise
                  | +Fly rC+}
  8259 | Slime:5  | Noticed an acid blob
  8389 | Slime:5  | Killed an acid blob
  8441 | Slime:5  | Killed an acid blob
  8464 | Slime:5  | Noticed an acid blob
  8465 | Slime:5  | Noticed an acid blob
  8465 | Slime:5  | Noticed an acid blob
  8470 | Slime:5  | Noticed an acid blob
  8471 | Slime:5  | Killed an acid blob
  8473 | Slime:5  | Noticed an acid blob
  8475 | Slime:5  | Killed the Royal Jelly
  8477 | Slime:5  | Killed an acid blob
  8477 | Slime:5  | Killed an acid blob
  8477 | Slime:5  | Killed an acid blob
  8481 | Slime:5  | HP: 2/126 [rockslime[the Royal Jelly] (21)]
  8481 | Slime:5  | Annihilated by a rockslime
  8482 | Slime:5  | Reached XP level 16. HP: -22/120 MP: 0/33
  8510 | Slime:5  | Identified the ring of Sif Muna's Supremacy {rC+ Dex+4}
                  | (You found it on level 5 of the Pits of Slime)
  8540 | Slime:5  | Got a slimy rune of Zot
  8552 | Slime:5  | Identified the ring "Waovoul" {rF+ rN+ Will+ Int+4 SInv}
  8798 | Orc:2    | Killed Donald
  8827 | Orc:2    | Reached skill level 15 in Fighting
  8827 | Orc:2    | Reached skill level 15 in Stealth
  8827 | Orc:2    | Reached skill level 15 in Unarmed Combat
  8865 | Orc:2    | Found Kyetsi's Antique Armour Boutique.
  8865 | Orc:2    | Found Jooti's General Store.
  8866 | Orc:2    | Found Dosoytu's Assorted Antiques.
  8866 | Orc:2    | Found Pemyutack's Magic Scroll Emporium.
  8870 | Orc:2    | Bought a potion of might for 48 gold pieces
  8870 | Orc:2    | Bought a potion of curing for 36 gold pieces
  8870 | Orc:2    | Bought a scroll of fog for 24 gold pieces
  8876 | Orc:2    | Bought a wand of charming (10) for 62 gold pieces
  8876 | Orc:2    | Bought a potion of cancellation for 248 gold pieces
  8876 | Orc:2    | Bought a scroll labelled YHERESCHIEGU for 31 gold pieces
  8880 | Orc:2    | Bought a scroll of amnesia for 63 gold pieces
  8880 | Orc:2    | Bought a scroll of teleportation for 54 gold pieces
  8880 | Orc:2    | Bought a scroll of fear for 63 gold pieces
  8880 | Orc:2    | Bought a scroll of amnesia for 63 gold pieces
  8945 | Orc:1    | Killed hemabe71's ghost
  9021 | Orc:2    | Reached skill level 15 in Dodging
  9050 | Orc:1    | Found a burning altar of Makhleb.
  9166 | Orc:2    | Bought a scroll of acquirement for 936 gold pieces
  9217 | D:11     | Acquired 892 gold pieces
  9219 | D:11     | Bought a potion of mutation for 112 gold pieces
  9219 | D:11     | Bought 2 potions of curing for 84 gold pieces
  9219 | D:11     | Bought a potion of curing for 42 gold pieces
  9219 | D:11     | Bought a potion of might for 56 gold pieces
  9219 | D:11     | Bought a potion of brilliance for 56 gold pieces
  9219 | D:11     | Bought a potion of heal wounds for 70 gold pieces
  9219 | D:11     | Bought a potion of curing for 42 gold pieces
  9219 | D:11     | Bought a potion of heal wounds for 70 gold pieces
  9264 | D:13     | Found a sacrificial altar of Ru.
  9344 | D:15     | Entered Level 15 of the Dungeon
  9351 | D:14     | Found a white marble altar of Elyvilon.
  9431 | D:14     | Found a gate to the Vaults.
  9465 | Vaults:1 | Entered Level 1 of the Vaults
  9495 | Vaults:1 | Reached XP level 17. HP: 85/85 MP: 17/34
  9997 | Vaults:3 | Found a staircase to the Crypt.
 10114 | Vaults:3 | Reached skill level 5 in Evocations
 10214 | Vaults:3 | Reached XP level 18. HP: 90/90 MP: 15/35
 10279 | Vaults:5 | Entered Level 5 of the Vaults
 10357 | Vaults:5 | Noticed a tentacled monstrosity
 10376 | Vaults:5 | Killed a tentacled monstrosity
 10398 | Vaults:5 | Learned a level 2 spell: Blink
 10422 | Vaults:5 | Identified the +8 spear of Balance {holy, rF+ rN+++ Will-}
 10529 | Vaults:4 | Noticed Bai Suzhen
 10532 | Vaults:4 | Killed Bai Suzhen
 10550 | Vaults:5 | Noticed a dread lich
 10551 | Vaults:5 | Got a silver rune of Zot
 10555 | Vaults:5 | Noticed a Hell Sentinel
 10557 | Vaults:5 | Noticed a Tzitzimitl
 10561 | Vaults:5 | Noticed a golden dragon
 10569 | Vaults:5 | Killed a dread lich
 10575 | Vaults:5 | Reached XP level 19. HP: 67/95 MP: 5/36
 10575 | Vaults:5 | Killed a golden dragon
 10680 | Vaults:5 | Identified the +5 flail "Wumoameh" {speed, Str+2 Int+4
                  | Stlth+}
 10680 | Vaults:5 | Noticed a dread lich
 10682 | Vaults:5 | Noticed a dread lich
 10692 | Vaults:5 | Noticed a Tzitzimitl
 10692 | Vaults:5 | Killed a dread lich
 10697 | Vaults:5 | Killed a dread lich
 10764 | Vaults:5 | Identified the amulet of Day {Reflect Fragile rPois Int+3
                  | Slay+3 SH+5}
 10813 | Vaults:5 | Noticed Margery
 10820 | Vaults:5 | Killed Margery
 10937 | Vaults:3 | Reached XP level 20. HP: 101/101 MP: 10/37
 10988 | Crypt:1  | Entered Level 1 of the Crypt
 11039 | Crypt:1  | You fall into a shaft and drop 1 floor!
 11061 | Crypt:2  | Found a transporter.
 11061 | Crypt:2  | Noticed Zijastu's ghost (veteran MiBe)
 11075 | Crypt:2  | Found a transporter.
 11100 | Crypt:2  | Killed Zijastu's ghost
 11105 | Crypt:2  | Identified the ring "Innic" {rPois rF+ Stlth+}
 11148 | Crypt:3  | Entered Level 3 of the Crypt
 11296 | Crypt:3  | Noticed a bone dragon
 11309 | Crypt:3  | Killed a bone dragon
 11310 | Crypt:3  | Reached skill level 10 in Earth Magic
 11330 | Crypt:3  | Found a staircase to the Tomb.
 11333 | Crypt:3  | Identified the Papyrus of Arcane Weapons
 11452 | Crypt:3  | Found an ancient bone altar of Kikubaaqudgha.
 11452 | Crypt:3  | Noticed a dread lich
 11461 | Crypt:3  | Killed a dread lich
 11469 | Crypt:3  | Found the +6 Majin-Bo {vamp, MP+6 Int+6}
 11481 | Crypt:3  | Learned a level 5 spell: Borgnjor's Vile Clutch
 11755 | Tomb:1   | Entered Level 1 of the Tomb of the Ancients
 11771 | Tomb:1   | Noticed Frederick
 11781 | Tomb:1   | Killed Frederick
 11782 | Tomb:1   | Reached skill level 5 in Translocations
 11784 | Tomb:1   | Noticed a royal mummy
 11785 | Tomb:1   | Noticed a royal mummy
 11791 | Tomb:1   | Killed a royal mummy
 11792 | Tomb:1   | Reached XP level 21. HP: 106/106 MP: 26/38
 11793 | Tomb:1   | Noticed a royal mummy
 11799 | Tomb:1   | Killed a royal mummy
 11811 | Tomb:1   | Killed a royal mummy
 11869 | Tomb:1   | Noticed a royal mummy
 11869 | Tomb:1   | Noticed a royal mummy
 11879 | Tomb:1   | Killed a royal mummy
 11887 | Tomb:1   | Killed a royal mummy
 11903 | Tomb:1   | Noticed a royal mummy
 11914 | Tomb:1   | Killed a royal mummy
 11919 | Tomb:1   | Noticed a royal mummy
 11924 | Tomb:1   | Noticed a royal mummy
 11926 | Tomb:1   | Killed a royal mummy
 11927 | Tomb:1   | Noticed a royal mummy
 11928 | Tomb:1   | Noticed a royal mummy
 11930 | Tomb:1   | Noticed a royal mummy
 11931 | Tomb:1   | Killed a royal mummy
 11933 | Tomb:1   | Killed from afar by a royal mummy
 11934 | Tomb:1   | Reached XP level 20. HP: -4/133 MP: 28/37
 11947 | Tomb:1   | Noticed a royal mummy
 11955 | Tomb:1   | Killed a royal mummy
 11964 | Tomb:1   | Killed a royal mummy
 11978 | Tomb:1   | Killed a royal mummy
 12073 | Tomb:1   | Noticed a royal mummy
 12075 | Tomb:1   | Killed a royal mummy
 12086 | Tomb:1   | Killed a royal mummy
 12095 | Tomb:1   | Noticed a royal mummy
 12105 | Tomb:1   | Killed a royal mummy
 12253 | Tomb:3   | Entered Level 3 of the Tomb of the Ancients
 12266 | Tomb:3   | Identified the amulet "Baqisuxkyx" {Regen+ Str+9 Int-5
                  | Dex-5 Stlth+}
 12269 | Tomb:3   | Found the +2 cloak of the Thief {*Fog Slay-2 SInv Stlth+}
 12269 | Tomb:3   | Found the +8 glaive of the Guard {elec, spectral, AC+5}
 12273 | Tomb:3   | HP: 3/101 [bennu (22)]
 12273 | Tomb:3   | Slain by a bennu
 12274 | Tomb:3   | Reached XP level 19. HP: -1/97 MP: 4/36
 12283 | Tomb:3   | Noticed a royal mummy
 12284 | Tomb:3   | Reached XP level 20. HP: 104/104 MP: 10/37
 12284 | Tomb:3   | Noticed a royal mummy
 12285 | Tomb:3   | Noticed a royal mummy
 12285 | Tomb:3   | Noticed a royal mummy
 12286 | Tomb:3   | Noticed a royal mummy
 12288 | Tomb:3   | Noticed Khufu
 12288 | Tomb:3   | Noticed a royal mummy
 12288 | Tomb:3   | Noticed a royal mummy
 12288 | Tomb:3   | Noticed a royal mummy
 12291 | Zig:1    | Entered Level 1 of a ziggurat
 12369 | Zig:2    | Entered Level 2 of a ziggurat
 12383 | Zig:2    | Identified the +7 arbalest of the Curious Knives {penet,
                  | Str+3 Int+5 Stlth-}
 12385 | Zig:3    | Entered Level 3 of a ziggurat
 12405 | Zig:4    | Entered Level 4 of a ziggurat
 12431 | Zig:5    | Entered Level 5 of a ziggurat
 12439 | Zig:5    | Identified the +8 tower shield of the Doldrums {Str+3}
 12444 | Zig:6    | Entered Level 6 of a ziggurat
 12551 | Zig:6    | Noticed a royal mummy
 12564 | Zig:6    | Noticed a royal mummy
 12565 | Zig:6    | Found the +3 warlock's mirror {reflect}
 12576 | Zig:6    | Killed a royal mummy
 12578 | Zig:6    | Killed a royal mummy
 12587 | Zig:6    | Reached XP level 21. HP: 45/107 MP: 32/38
 12588 | Zig:6    | Identified the ring of Sloth {rPois rC+ Dex+6 Slay+3 SInv}
 12687 | Zig:7    | Entered Level 7 of a ziggurat
 12720 | Zig:8    | Entered Level 8 of a ziggurat
 12781 | Zig:8    | Lost mutation: Your system is resistant to poisons. (rPois)
                  | [potion of mutation]
 12781 | Zig:8    | Gained mutation: You are agile. (Dex +2) [potion of
                  | mutation]
 12781 | Zig:8    | Gained mutation: You are partially covered in large bone
                  | plates. (SH +4) [potion of mutation]
 12783 | Zig:9    | Entered Level 9 of a ziggurat
 12825 | Zig:9    | Noticed Pizon the pandemonium lord
 12830 | Zig:9    | Killed Pizon the pandemonium lord
 12843 | Zig:9    | Identified the Compendium of the Nocuous Rocks
 12864 | Zig:10   | Entered Level 10 of a ziggurat
 12890 | Zig:10   | Noticed Jyaqol the pandemonium lord
 12904 | Zig:10   | Killed Jyaqol the pandemonium lord
 12939 | Zig:10   | Reached XP level 22. HP: 31/113 MP: 12/39
 12940 | Zig:10   | Identified the ring of Upteodghurcha {+Blink rElec AC+4
                  | Str+8 Dex-5}
 12944 | Zig:10   | Identified Ycvucvum's Compendium of Battle Magic
 13057 | Zig:11   | Entered Level 11 of a ziggurat
 13085 | Zig:11   | Reached XP level 23. HP: 117/117 MP: 5/40
 13091 | Zig:11   | Identified the +9 scythe of Parajumm {drain, +Rage rC+
                  | Will++ Str-3}
 13125 | Zig:12   | Entered Level 12 of a ziggurat
 13163 | Zig:12   | Acquired the ring "Baso" {*Corrode +Blink MP+9 Int+5}
 13217 | Tomb:3   | Got a golden rune of Zot
 13218 | Tomb:3   | Gained mutation: You are frail. (-10% HP) [mutagenic glow]
 13223 | Tomb:3   | HP: 4/136 [bennu (3)]
 13223 | Tomb:3   | Mangled by a death scarab
 13224 | Tomb:3   | Reached XP level 22. HP: -11/132 MP: 38/39
 13238 | Tomb:3   | Lost mutation: Your body sometimes deteriorates upon taking
                  | damage. [potion of mutation]
 13238 | Tomb:3   | Lost mutation: You are frail. (-10% HP) [potion of
                  | mutation]
 13238 | Tomb:3   | Gained mutation: Your muscles are strong. (Str +2) [potion
                  | of mutation]
 13238 | Tomb:3   | Gained mutation: You possess an exceptional clarity of
                  | mind. [potion of mutation]
 13256 | Tomb:3   | Identified the +10 long sword of Ruination {vorpal, +Rage
                  | Will+ Dex+3}
 13271 | Tomb:3   | Killed from afar by a royal mummy
 13272 | Tomb:3   | Reached XP level 21. HP: 0/141 MP: 4/38
 13300 | Tomb:3   | Identified the +1 plate armour of Moenk {Dex+4}
 13318 | Tomb:3   | HP: 5/136 [spore (2)]
 13320 | Tomb:3   | Slain by a royal mummy

Illustrated notes

Levels and vault maps discovered:
D:1:      minmay_arrival_four_houses, layout_basic
D:2:      layout_basic, doesnt_xom_only_xom
D:3:      layout_basic, serial_bayou_ford_a, minmay_misc_feat_encased,
          nicolae_qazlal_style_of_elements
D:4:      layout_loops_cross
D:5:      layout_basic, gammafunk_temple_overflow_pools, temple_hall,
          minmay_pentangle, uniq_menkaure
D:6:      layout_layer_cave, basic_altar, serial_shops, nicolae_shop_crystal,
          uniq_sigmund
D:7:      layout_rooms
D:8:      layout_loops_cross, gammafunk_temple_overflow_statue,
          gammafunk_ghost_ooze
D:9:      layout_basic, uniq_erica
D:10:     layout_basic, erik_lair_orcish_takeover, serial_shops,
          kennysheep_little_box, minmay_statues_item, lemuel_altar_in_water,
          uniq_nergalle
D:11:     layout_gridville, orc_0_dummy, serial_shops, shop,
          nemelex_diamond_rough_becter, uniq_urug
D:12:     layout_roguey, kennysheep_generic_room_12
D:13:     layout_roguey, basic_altar, serial_shops, kennysheep_mini
D:14:     layout_basic, erik_vaults_2, elyvilon_altar_1
D:15:     gammafunk_depths_entry_grave, layout_small_grid, grunt_decor_clamped,
          enter_trove_0, serial_rivers, chequers_serial_rivers_large_a,
          chequers_serial_rivers_marsh, chequers_serial_rivers_micro_c,
          chequers_serial_rivers_marsh, grunt_dithmenos_smoke, uniq_louise,
          uniq_jorgrun, uniq_kirke, uniq_roxanne, uniq_nessos
Temple:   dpeg_five_rooms_temple
Lair:1:   layout_regular_city, minmay_holes, infiniplex_staircase_pool_2,
          serial_bayou_shore_a
Lair:2:   layout_small_grid, minmay_swamp_entry_wisps,
          nicolae_spider_entry_orb_guardian, lemuel_fruit_fields, uniq_gastronok
Lair:3:   layout_regular_city, uniq_snorg
Lair:4:   nzn_winding_woodlands_small [nzn_winding_woodlands_5x15_sidewinder,
          nzn_winding_woodlands_center_pierced_h,
          nzn_winding_woodlands_5x15_parted], layout_cave_pods
Lair:5:   layout_cave_pods, grunt_megastairs_3
Lair:6:   cheibrodos_lair_end_hotspot, layout_regular_city, slime_altar_1,
          basic_altar, chequers_serial_rivers_small_3,
          cheibrodos_lair_lostbears, lemuel_fruit_tree, serial_bayou_shore_b
Swamp:1:  layout_basic_swamp, nicolae_swamp_tree_isthmus, swamp_pool5
Swamp:2:  nicolae_swamp_ascending_descending, layout_basic_swamp,
          nicolae_swamp_oxbows
Swamp:3:  layout_basic_swamp, nicolae_swamp_dense_foliage, swamp_pool1,
          uniq_aizul
Swamp:4:  nzn_swamp_witches_coven, layout_basic_swamp, swamp_pool1,
          nicolae_swamp_spriggan_camp
Spider:1: layout_spider_delve
Spider:2: layout_spider_delve
Spider:3: layout_spider_delve, drop_trap
Spider:4: spider_rune_water, nicolae_spider_cling_ruins
Slime:1:  layout_caves
Slime:2:  layout_caves
Slime:3:  layout_caves
Slime:4:  layout_caves, cheibrodos_slime_lost_civilization_4
Slime:5
Orc:1:    layout_diamond_mine, ebering_ghost_gozag, bloody_makhleb
Orc:2:    st_orc_elflike, layout_caves, lightli_church_of_beogh, uniq_donald,
          uniq_maurice
Vaults:1: v_rooms_2, hangedman_vaults_nodes, v_misc_33, ontoclasm_vaults_fault,
          nicolae_vaults_theta, hangedman_vaults_impose, ontoclasm_vaults_shout,
          v_alt_pattern_6, nicolae_vaults_gold_heap, grunt_vaults_hallway_short,
          nicolae_vaults_rhombus_5, layout_vaults_omnigrid, serial_shops, shop
Vaults:2: v_misc_28, ontoclasm_vaults_gateway, nicolae_vaults_puzzle_piece,
          v_misc_22, nicolae_vaults_little_squares_4, vaults_room_door_ring,
          nicolae_vaults_triangles, vaults_mumra_minichess_inversion,
          hangedman_vaults_corner_blocks, v_misc_30, v_rooms_1, v_misc_8,
          layout_vaults_ring
Vaults:3: v_misc_3, minmay_crypt_entry_simple_statues,
          ontoclasm_vaults_loading_screen, ontoclasm_vaults_ligature,
          grunt_vaults_focal, nicolae_vaults_back_hallway, v_alt_pattern_4,
          nicolae_vaults_mini_display_case, v_misc_16, hangedman_vaults_unwind,
          vaults_dpeg_diagonal, hangedman_vaults_restitches,
          nicolae_vaults_little_squares_6, layout_vaults_omnicross
Vaults:4: gammafunk_vaults_ghost_spectres, v_rooms_6, nicolae_vaults_what_the_h,
          hangedman_vaults_stretched_pinwheel, hangedman_vaults_cutoff,
          vaults_room_ringed_pool, v_misc_12, vaults_room_pools,
          ontoclasm_vaults_twist, vaults_dpeg_encased_lava,
          nicolae_vaults_little_squares_5, layout_vaults_chaotic_city,
          uniq_bai_suzhen
Vaults:5: uniq_margery
Crypt:1:  layout_rooms, hangedman_batty
Crypt:2:  statuecave_lemuel, layout_chaotic_city, gammafunk_ghost_arena,
          uniq_mennas
Crypt:3:  cryptofortress_bobbens
Tomb:1:   uniq_frederick
Tomb:2
Tomb:3

Skill      XL: |  1  2  3  4  5  6  7  8  9 10 11 12 13 14 15 16 17 18 19 20 21 22 23 |
---------------+----------------------------------------------------------------------+-----
Dodging        | 3 4 5 7 9 12 13 15 16 17 19 20 | 20.0
Fighting       | 1 2 4 5 6 9 8 11 12 13 15 16 19 18 20 | 20.0
Stealth        | 3 4 5 7 9 12 13 15 16 17 19 20 | 20.0
Unarmed Combat | 1 2 4 5 6 9 8 11 12 13 15 16 17 19 20 | 20.0
Evocations     | 1 3 5 6 8 |  8.0
Spellcasting   | 3 4 7 8 9 12 | 12.0
Transmutations | 1 4 9 11 12 | 12.0
Earth Magic    | 1 3 5 7 8 9 12 13 | 13.7
Translocations | 1 4 5 |  5.0
Fire Magic     | 1 |  1.0
Conjurations   | 1 |  1.0
Invocations    | 3 5 7 8 |  8.0
Summonings     | |  4.0

Action                   |  1- 3 |  4- 6 |  7- 9 | 10-12 | 13-15 | 16-18 | 19-21 | 22-24 || total
-------------------------+-------+-------+-------+-------+-------+-------+-------+-------++-------
Melee: Unarmed           |    31 |   107 |   240 |   309 |   394 |   715 |   693 |    44 ||  2533
       Bite              |     3 |     6 |    33 |    49 |    64 |   115 |   111 |     1 ||   382
       Punch             |       |     2 |    16 |    20 |    34 |    97 |    86 |       ||   255
       Kick              |       |       |    84 |    91 |     5 |   269 |   296 |     3 ||   748
       Tailslap          |       |       |       |    14 |    72 |    32 |       |     2 ||   120
 Cast: Summon Small Mamm |    10 |    13 |     5 |       |     3 |       |       |       ||    31
       Call Imp          |     4 |    13 |    15 |     9 |     4 |       |       |       ||    45
       Foxfire           |       |     4 |     7 |     2 |       |       |       |       ||    13
       Apportation       |       |       |     1 |    31 |    46 |    85 |    61 |    14 ||   238
       Petrify           |       |       |       |    11 |     3 |     2 |       |       ||    16
       Dragon Form       |       |       |       |     6 |    30 |     9 |     2 |     1 ||    48
       Passwall          |       |       |       |     3 |     7 |     9 |       |       ||    19
       Summon Ice Beast  |       |       |       |       |     4 |    10 |       |       ||    14
       Lee's Rapid Decon |       |       |       |       |     3 |     2 |     8 |       ||    13
       Passage of Golubr |       |       |       |       |    13 |   124 |    69 |     6 ||   212
       Statue Form       |       |       |       |       |       |    48 |    52 |     7 ||   107
       Sandblast         |       |       |       |       |       |     3 |       |       ||     3
       Manifold Assault  |       |       |       |       |       |     9 |    43 |    11 ||    63
       Blink             |       |       |       |       |       |       |    11 |       ||    11
       Borgnjor's Vile C |       |       |       |       |       |       |    11 |     1 ||    12
Invok: Slouch            |       |       |       |     3 |     3 |     1 |    11 |     2 ||    20
       Step From Time    |       |       |       |       |       |       |     3 |     2 ||     5
 Abil: Evoke Flight      |       |       |       |     1 |       |       |       |       ||     1
       Breathe Fire      |       |       |       |     7 |    24 |     6 |       |       ||    37
       End Transformatio |       |       |       |       |     3 |       |     1 |       ||     4
Evoke: Wand              |     2 |     3 |    18 |    27 |    33 |     7 |     4 |       ||    94
       Lightning rod     |       |       |       |       |       |     4 |       |       ||     4
       Tin of tremorston |       |       |       |       |       |     3 |     5 |     1 ||     9
       Condenser vane    |       |       |       |       |       |     4 |     6 |     2 ||    12
       Phial of floods   |       |       |       |       |       |       |     2 |       ||     2
       Phantom mirror    |       |       |       |       |       |       |     2 |       ||     2
       Figurine of a zig |       |       |       |       |       |       |     1 |       ||     1
  Use: Scroll            |     3 |     2 |     6 |     6 |    14 |    14 |    21 |    10 ||    76
       Potion            |       |     7 |     7 |     3 |     5 |     7 |    25 |     3 ||    57
 Stab: Sleeping          |     2 |    16 |     8 |    11 |     7 |    38 |     9 |       ||    91
       Distracted        |     1 |       |       |     4 |     2 |       |     6 |       ||    13
       Petrifying        |       |       |     1 |     2 |       |     1 |       |       ||     4
       Confused          |       |       |     1 |       |     1 |       |     1 |       ||     3
       Paralysed         |       |       |       |     2 |     3 |     3 |       |       ||     8
       Petrified         |       |       |       |     5 |     1 |     7 |       |       ||    13
       Held in net/web   |       |       |       |     1 |     1 |       |       |       ||     2
       Invisible         |       |       |       |       |       |       |     1 |       ||     1
Armor: Skin              |     1 |    14 |    31 |    64 |   152 |   214 |   186 |    44 ||   706
Dodge: Dodged            |    22 |    96 |   181 |   213 |   214 |  1228 |  1579 |   338 ||  3871
Block: Other             |       |       |       |       |       |       |   144 |    73 ||   217
       Reflection        |       |       |       |       |       |       |       |     2 ||     2

Table legend: (Time is in decaauts)
 A = Elapsed time spent in this place.
 B = Non-inter-level travel time spent in this place.
 C = Inter-level travel time spent in this place.
 D = Time resting spent in this place.
 E = Time spent auto-exploring this place.
 F = Levels seen in this place.
 G = Mean time per level.
                   A        B        C        D        E       F      G
               +--------+--------+--------+--------+--------+-----+--------+
         Total |  21551 |  21428 |    123 |     63 |      0 |  60 |  359.2 |
       Dungeon |   6229 |   6143 |     86 |     63 |      0 |  15 |  415.3 |
        Temple |     69 |     33 |     36 |      0 |      0 |   1 |   69.0 |
          Lair |   1701 |   1701 |      0 |      0 |      0 |   6 |  283.5 |
         Swamp |   1526 |   1526 |      0 |      0 |      0 |   4 |  381.5 |
   Spider Nest |   1832 |   1832 |      0 |      0 |      0 |   4 |  458.0 |
    Slime Pits |   1166 |   1166 |      0 |      0 |      0 |   5 |  233.2 |
  Orcish Mines |   1162 |   1162 |      0 |      0 |      0 |   2 |  581.0 |
        Vaults |   3008 |   3008 |      0 |      0 |      0 |   5 |  601.6 |
         Crypt |   1427 |   1427 |      0 |      0 |      0 |   3 |  475.7 |
          Tomb |   1363 |   1363 |      0 |      0 |      0 |   3 |  454.3 |
      Ziggurat |   2064 |   2064 |      0 |      0 |      0 |  12 |  172.0 |
               +--------+--------+--------+--------+--------+-----+--------+

Top non-repeatable levels by time:
Vaults:3: 1209 daAuts
 Crypt:3: 1119 daAuts
Vaults:5: 1006 daAuts
  Tomb:1: 924 daAuts
Spider:4: 912 daAuts
    D:11: 912 daAuts
     D:6: 836 daAuts
 Swamp:4: 795 daAuts
    D:12: 682 daAuts
   Orc:2: 637 daAuts
    D:10: 625 daAuts
  Lair:6: 615 daAuts
 Slime:5: 602 daAuts
   Zig:6: 571 daAuts
   Orc:1: 525 daAuts
